Map: Torches LE

Players

Xylem

  • Race: Zerg Zerg
  • League: Diamond
  • Spawn Location: 1:00

KimChiLoVer - Winner!

  • Race: Terran Terran
  • League: Diamond
  • Spawn Location: 5:00

VOD

Have the link to the VOD?

Description

Time

  • Played on: Sept. 4, 2025, 8:25 p.m.
  • Length: 11:46
Show
View Real Time Build Order
Export as new Build Order

Xylem Zerg 

Build Orders: Hatch First 

Get SALT Encoding   

  12  0:00  Drone  
  13  0:08  Drone  
  14  0:15  Extractor  
  14  0:16  Drone  
  15  0:37  Hatchery  
  14  0:44  Extractor, Drone  
  15  0:56  Spawning Pool  
  14  1:02  Extractor, Drone  
  15  1:08  Overlord  
  15  1:27  Drone x3  
  18  1:38  Drone  
  19  1:43  Queen  
  21  1:48  Drone  
  21  1:52  Queen  
  24  1:55  Drone  
  24  1:59  Drone  
  26  2:03  Overlord  
  27  2:15  Drone x2  
  28  2:24  Drone x2  
  28  2:27  Queen  
  32  2:34  Drone  
  32  2:35  Drone  
  34  2:46  Drone x2  
  35  3:02  Drone  
  35  3:04  Overlord  
  36  3:17  Hatchery  
  36  3:18  Queen, Extractor  
  36  3:22  Roach Warren  
  36  3:25  Evolution Chamber  
  35  3:27  Drone x6  
  35  3:28  Drone  
  41  3:38  Drone  
  41  3:39  Overlord  
  42  4:00  Drone  
  42  4:01  Drone x3  
  46  4:06  Extractor x2  
  46  4:08  Drone x2  
  46  4:12  Queen  
  46  4:13  Queen  
  46  4:14  Overlord x2  
  50  4:23  Hatchery  
  49  4:28  Roach  
  51  4:35  Drone x3  
  51  4:37  Drone  
  55  4:39  Extractor, Drone x3  
  55  4:44  Roach x4  
  65  5:02  Roach x2  
  65  5:03  Roach  
  71  5:10  Drone x3  
  74  5:14  Overlord x3  
  74  5:15  Overlord  
  74  5:22  Spore Crawler  
  74  5:23  Spore Crawler  
  72  5:31  Drone  
  72  5:33  Spore Crawler  
  72  5:41  Drone x7  
  72  5:42  Drone x3  
  82  5:47  Spore Crawler, Drone x4  
  85  5:52  Lair  
  85  5:55  Drone  
  86  5:57  Drone x2  
  86  6:01  Spore Crawler  
  87  6:10  Pneumatized Carapace  
  87  6:16  Evolution Chamber  
  86  6:18  Zerg Ground Armor Level 1  
  86  6:23  Drone x9  
  86  6:24  Drone x3  
  98  6:25  Extractor  
  98  6:27  Extractor  
  96  6:49  Spore Crawler  
  90  7:00  Roach x4  
  90  7:01  Roach  
  96  7:07  Drone x16  
  112  7:13  Spine Crawler  
  111  7:17  Spine Crawler  
  111  7:19  Overseer x2  
  110  7:31  Drone x3  
  112  7:42  Overlord x4  
  112  7:46  Zerg Melee Weapons Level 1  
  112  7:50  Overlord x3, Infestation Pit  
  111  7:54  Spine Crawler  
  111  7:57  Spine Crawler  
  109  7:58  Extractor  
  109  7:59  Extractor, Drone x4  
  109  8:02  Drone x2  
  113  8:23  Drone x15  
  128  8:31  Hatchery  
  128  8:32  Baneling Nest  
  126  8:39  Hive  
  126  8:42  Zerg Ground Armor Level 2  
  126  9:00  Drone  
  126  9:01  Drone x7  
  134  9:23  Hatchery  
  133  9:40  Hatchery  
  133  9:45  Infestor x4  
  132  9:46  Infestor  
  132  9:51  Neural Parasite  
  142  9:57  Ultralisk Cavern  
  141  10:02  Roach x3  
  141  10:03  Roach x5  
  157  10:10  Overseer  
  157  10:11  Roach x3  
  157  10:12  Roach x4  
  171  10:18  Burrow  
  145  10:30  Roach x4  
  145  10:31  Roach x4  
  161  10:48  Ultralisk Cavern  
  160  10:53  Roach x4  
  160  10:54  Ultralisk  
  160  10:55  Ultralisk  
  160  10:56  Overlord x2  
  160  10:57  Overlord  
  180  11:01  Anabolic Synthesis  
  170  11:21  Overseer  
  170  11:22  Overseer x2  
Show
View Real Time Build Order
Export as new Build Order

KimChiLoVer Terran - Winner!

Build Orders: Reaper Expand, Mech 

Get SALT Encoding   

  12  0:00  SCV  
  13  0:12  SCV  
  14  0:17  Supply Depot  
  14  0:24  SCV  
  15  0:39  SCV  
  15  0:41  Barracks  
  16  0:44  Refinery  
  16  0:54  SCV  
  17  1:06  SCV  
  18  1:18  SCV  
  19  1:31  Reaper, Orbital Command  
  20  1:42  Command Center  
  20  1:51  Supply Depot  
  20  1:57  SCV  
  21  2:03  Marine  
  22  2:16  SCV  
  22  2:17  Factory  
  23  2:22  Barracks Reactor  
  23  2:45  Command Center  
  23  2:46  SCV  
  24  3:07  Starport  
  24  3:09  SCV  
  24  3:10  Refinery  
  24  3:11  Hellion  
  24  3:12  Hellion  
  29  3:17  Orbital Command  
  29  3:21  SCV  
  29  3:24  Barracks Tech Lab  
  30  3:33  Hellion, SCV  
  33  3:38  Supply Depot  
  33  3:45  SCV x2  
  35  3:58  Orbital Command, SCV  
  35  4:01  Hellion  
  35  4:02  Supply Depot  
  38  4:10  Marine, SCV  
  40  4:17  SCV  
  40  4:21  Banshee  
  40  4:22  SCV  
  45  4:24  Refinery x2  
  45  4:26  Cloaking Field  
  45  4:28  Hellion  
  47  4:33  Supply Depot  
  47  4:38  SCV  
  48  4:40  Supply Depot  
  48  4:42  SCV x2  
  50  4:50  Factory  
  50  4:51  SCV  
  51  4:54  Factory  
  51  5:03  SCV x3  
  54  5:08  Banshee  
  57  5:16  SCV  
  57  5:18  Armory x2, SCV  
  59  5:28  SCV  
  60  5:30  SCV x2  
  62  5:36  Factory Tech Lab  
  62  5:37  Factory Tech Lab  
  62  5:39  Hyperflight Rotors  
  62  5:40  Hellion x2, SCV  
  67  5:43  SCV  
  67  5:45  SCV  
  67  5:49  Command Center  
  69  5:52  SCV  
  69  5:55  SCV  
  69  5:56  Banshee  
  74  5:57  SCV  
  74  6:03  Siege Tank  
  78  6:04  SCV  
  78  6:08  Siege Tank  
  82  6:20  SCV  
  82  6:23  Supply Depot  
  82  6:24  Supply Depot  
  83  6:26  Engineering Bay  
  83  6:31  Orbital Command  
  83  6:33  Terran Vehicle Weapons Level 1, Terran Vehicle And Ship Armor Level 1  
  83  6:37  Command Center  
  83  6:39  Thor  
  89  6:44  Banshee  
  92  7:07  SCV  
  93  7:14  Siege Tank  
  96  7:19  SCV  
  96  7:21  Factory  
  96  7:22  Siege Tank  
  97  7:31  SCV  
  97  7:36  Refinery  
  95  7:39  Refinery  
  95  7:42  Banshee  
  95  7:43  SCV  
  96  7:50  Factory  
  96  7:51  Orbital Command  
  96  7:55  SCV  
  97  8:00  Planetary Fortress  
  97  8:07  SCV  
  97  8:08  SCV x2  
  100  8:17  Missile Turret, SCV  
  100  8:19  SCV  
  102  8:20  SCV x2  
  102  8:22  Factory Tech Lab  
  102  8:25  Banshee  
  107  8:29  SCV  
  107  8:30  Missile Turret  
  107  8:31  Neosteel Armor  
  107  8:32  SCV x2  
  110  8:34  Supply Depot  
  110  8:35  Supply Depot  
  110  8:41  Siege Tank x2  
  110  8:42  Factory Tech Lab  
  110  8:43  Terran Vehicle Weapons Level 2  
  110  8:44  SCV  
  117  8:51  Factory, Missile Turret  
  117  8:54  Missile Turret  
  117  8:56  SCV  
  117  8:58  Terran Vehicle And Ship Armor Level 2  
  117  9:00  Missile Turret  
  117  9:01  Missile Turret x2  
  118  9:04  Missile Turret x2  
  118  9:08  SCV  
  119  9:23  Orbital Command  
  119  9:24  Missile Turret  
  119  9:25  Missile Turret  
  119  9:28  Missile Turret, Supply Depot  
  119  9:29  Refinery, Supply Depot  
  119  9:30  Siege Tank x4, Supply Depot  
  131  9:32  Infernal Pre-Igniter  
  131  9:37  Factory Tech Lab  
  131  9:40  Factory  
  131  9:46  Refinery  
  131  9:54  SCV  
  132  10:06  SCV  
  133  10:11  Siege Tank  
  133  10:12  Siege Tank x3  
  145  10:16  Raven  
  145  10:18  Hellion x3, SCV  
  152  10:27  Factory Tech Lab  
  146  10:30  SCV  
  147  10:39  Hellion x3  
  153  10:43  SCV  
  153  10:44  Siege Tank x3, Hellion  
  165  11:00  Hellion  
  165  11:01  Hellion x2  
  170  11:05  Hellion  
  172  11:16  Hellion  
Tags
 
Add a new tag
Caveats
  • Supply blocks, unpowered buildings, or Contaminate may cause inaccurate times.
  • Supply counts are checked every 10 seconds.